 Dungeon Crawl Stone Soup version 0.31-a0-544-gceb718ecc6 (webtiles) character file.

Game seed: 860169174188839016

1539 ytrimaz the Changeling (level 8, -1/48 HPs)
             Began as an Octopode Shapeshifter on Aug 15, 2023.
             Slain by Blork the orc
             ... wielding a +0 glaive
              (13 damage)
             ... on level 4 of the Dungeon on Aug 16, 2023.
             The game lasted 00:06:39 (4259 turns).

ytrimaz the Changeling (Octopode Shapeshifter)      Turns: 4259, Time: 00:06:39

Health: -1/48      AC:  1    Str: 20    XL:     8   Next: 86%
Magic:  17/17      EV: 14    Int: 13    God:
Gold:   187        SH:  0    Dex:  9    Spells: 7/7 levels left

rFire   + .          .
                       - Unarmed
rCold   . . .        (no shield)
rNeg    + . .        (helmet currently unavailable)
rPois   .            (no amulet)
rElec   .            i - +6 ring of strength
rCorr   +            w - ring of Denegusch {rF+ rN+ rCorr Stlth-}
SInv    .            x - ring "Velixk Boqo" {+Blink Will+++ rCorr MP+9 Dex-3}
Will    ++++.        (no ring)
Stlth   +            (no ring)
HPRegen 0.28/turn    (no ring)
MPRegen 0.15/turn    (no ring)
                     (no ring)

%: no passive effects
@: brilliant, beast-form, enlightened, flying
A: beast (slay +4), almost no armour, amphibious, 8 rings, camouflage 1,
gelatinous body 1, (nimble swimmer 1), tentacles
a: Begin Untransformation, Evoke Blink


You were on level 4 of the Dungeon.
You were a hulking beast.
You visited 1 branch of the dungeon, and saw 4 of its levels.
You also visited: Ossuary.

You collected 187 gold pieces.


Innate Abilities, Weirdness & Mutations

You are a hulking beast.
Your limbs bulge with bestial killing power. (Slay +4)
You cannot wear most types of armour.
You are amphibious.
You can wear up to eight rings at the same time.
Your skin changes colour to match your surroundings (Stealth+).
Your rubbery body absorbs attacks. (AC +1, EV +1)
((You are camouflaged when in or above water. (Stealth+)))
You have tentacles for arms and can constrict up to eight enemies at once.


   Skills:
 - Level 1.0 Fighting
 + Level 5.4 Dodging
 - Level 5.1 Unarmed Combat
 + Level 7.7 Shapeshifting


You had 7 spell levels left.
You didn't know any spells.
Your spell library contained the following spells:

 Spells                   Type           Power      Damage    Failure   Level
 Apportation              Tloc           0%         N/A       30%         1
 Kiss of Death            Conj/Necr      0%         2d5       30%         1
 Ensorcelled Hibernation  Hex/Ice        0%         N/A       43%         2
 Passwall                 Tmut/Erth      0%         N/A       43%         2
 Confusing Touch          Hex            0%         N/A       67%         3
 Inner Flame              Hex/Fire       0%         N/A       67%         3
 Portal Projectile        Hex/Tloc       0%         N/A       67%         3
 Swiftness                Air            0%         N/A       67%         3
 Tukima's Dance           Hex            0%         N/A       67%         3
 Dispel Undead            Necr           0%         3d6       97%         4
 Flame Wave               Conj/Fire      0%         2d4       97%         4
 Iskenderun's Mystic Bla  Conj/Tloc      0%         2d3       97%         4
 Sticky Flame             Conj/Fire      0%         2d3       97%         4
 Alistair's Intoxication  Tmut/Pois      0%         N/A       100%        5

Inventory:

Missiles
 j - 2 throwing nets
Jewellery
 i - a +6 ring of strength (left tentacle)
   (You found it on level 3 of the Dungeon)
 w - the ring of Denegusch (right tentacle) {rF+ rN+ rCorr Stlth-}
   (You found it in an ossuary)

   [ring of resist corrosion]

   rF+:       It protects you from fire.
   rN+:       It protects you from negative energy.
   rCorr:     It protects you from acid and corrosion.
   Stlth-:    It makes you less stealthy.
 x - the ring "Velixk Boqo" (on tentacle) {+Blink Will+++ rCorr MP+9 Dex-3}
   (You found it in an ossuary)

   [ring of magical power]

   Dex-3:     It affects your dexterity (-3).
   Will+++:   It greatly increases your willpower.
   MP+9:      It affects your magic capacity (+9).
   +Blink:    It lets you blink.
   rCorr:     It protects you from acid and corrosion.
Talismans
 b - a beast talisman (active)
 c - a flux talisman
Wands
 m - a wand of mindburst (14) (quivered)
   (You took it off Ijyb on level 3 of the Dungeon)
 y - a wand of flame (17)
   (You took it off Grinder on level 4 of the Dungeon)
Scrolls
 e - a scroll of noise
 k - 2 scrolls of fear
 n - a scroll of amnesia
 o - a scroll of fog {unknown}
 p - a scroll of enchant armour {unknown}
 q - 3 scrolls of identify
 s - a scroll of silence {unknown}
 t - 2 scrolls of teleportation {unknown}
 v - a scroll of torment {unknown}
Potions
 a - a potion of magic {unknown}
 f - 2 potions of cancellation
 g - 2 potions of might {unknown}
 l - a potion of brilliance
 r - a potion of heal wounds
 u - a potion of mutation {unknown}

Dungeon Overview and Level Annotations

Branches:
Dungeon (4/15) Zot: 20634 Ossuary (visited)
 Temple: D:4-7

Altars:
Xom
The Shining One

Shops:
D:2 *

Annotations:
D:4 Blork the orc

o## ##.#.[... #)##
##.####### #))##
##.## ##.)# ##..#
##.## ### ##..##
##o### ###.###..##
##.g.## ###....##.##
#.....#####..o...#.##
#...##..##....h.<.##
#..#####..........#
#...# ###.........##
#..####...........#
#... #............#
#..# #............#
#.. ##..........##
#..........#
##.........##


You could see Blork the orc (fast).


Message History

* * * LOW HITPOINT WARNING * * *
😱 HP[-5]
You take 5 damage, and now have 9/48 hp.
The goblin no longer looks unusually strong. 😱 HP[+1]
The goblin attacks as you move away! The goblin hits you with a +0 dagger.
* * * LOW HITPOINT WARNING * * *
😱 HP[-5]
You take 5 damage, and now have 5/48 hp.
You closely miss the goblin. You grab the goblin. You constrict the goblin.
The goblin hits you with a +0 dagger.
* * * LOW HITPOINT WARNING * * *
😱 HP[-4]
You take 4 damage, and now have 1/48 hp.
You tentacle-slap the goblin.
You kill the goblin!
You feel better. The goblin misses you. 😨 HP[+12]
You regained 12 hp, and now have 13/48 hp.
You bludgeon the goblin!
You kill the goblin!
You bludgeon the goblin!
You kill the goblin!
Items here: ))) †. 😨 HP[+1] Key pressed, stopping explore.
Done exploring. 😎 HP[+34]
Your hp is fully restored (48).
There is a stone staircase leading down here.
You climb downwards.
Level annotation: Blork the orc, Robin Blork the orc looks encouraged for a moment.
Robin throws the goblin at you! The hobgoblin barely misses you.
There is a stone staircase leading up, spattered with blood here.
The goblin completely misses you. The hobgoblin barely misses you.
You climb upwards.
There is a stone staircase leading down here.
You tentacle-slap the goblin.
You kill the goblin!
The hobgoblin barely misses you.
You closely miss the hobgoblin. You grab the hobgoblin.
You constrict the hobgoblin. The hobgoblin barely misses you.
You tentacle-slap the hobgoblin.
You kill the hobgoblin!
No target in view!
You start waiting.
Done waiting.
Unknown command.
You climb downwards.
Level annotation: Blork the orc, Robin
There is a stone staircase leading up, spattered with blood here.
Blork the orc closely misses you.
You bludgeon Robin! You grab Robin. You squeeze Robin.
You kill Robin!
Blork the orc points at you and mumbles some strange words.
The puff of flame hits you. You resist. 😕 HP[-4]
You take 4 damage, and now have 44/48 hp.
Blork the orc hits you with a +0 glaive!
Items here: ) [[ †. 😮 HP[-15]
You take 15 damage, and now have 29/48 hp.
MASSIVE DAMAGE!! (PAUSE)
You tentacle-slap Blork the orc but do no damage.
Your grab misses Blork the orc.
Blork the orc mumbles some strange words.
Blork the orc seems to speed up.
You barely miss Blork the orc. Your grab misses Blork the orc.
Blork the orc hits you with a +0 glaive.
* * * LOW HITPOINT WARNING * * *
😨 HP[-6]
You take 6 damage, and now have 23/48 hp.
Unknown command.
You tentacle-slap Blork the orc. You grab Blork the orc.
You squeeze Blork the orc! You constrict Blork the orc.
Blork the orc hits you with a +0 glaive!
* * * LOW HITPOINT WARNING * * *
Blork the orc hits you with a +0 glaive.
* * * LOW HITPOINT WARNING * * *
😱 HP[-12]
You take 12 damage, and now have 11/48 hp.
MASSIVE DAMAGE!! (PAUSE) It was a potion of enlightenment.
You feel very buoyant.
You fly up into the air.
You constrict Blork the orc. Blork the orc closely misses you.
It was a potion of heal wounds.
You feel much better.
You constrict Blork the orc.
Blork the orc hits you with a +0 glaive!
* * * LOW HITPOINT WARNING * * *
Blork the orc hits you with a +0 glaive!
* * * LOW HITPOINT WARNING * * *
😱 HP[+1] Unknown command.
It was a potion of brilliance.
You feel clever all of a sudden.
You constrict Blork the orc.
Blork the orc hits you with a +0 glaive!
You die...

Skill      XL: |  1  2  3  4  5  6  7  8 |
---------------+-------------------------+-----
Shapeshifting  | 4 5 6 7 |  7.7
Unarmed Combat | 4 5 |  5.1
Dodging        | 3 5 |  5.4
Fighting       | |  1.0

Action                     |  1- 3 |  4- 6 |  7- 9 || total
---------------------------+-------+-------+-------++-------
  Melee: Unarmed           |    43 |   105 |   125 ||   273
         Constrict         |    14 |    26 |    34 ||    74
         Tentacles         |    10 |    24 |    24 ||    58
         Punch             |     1 |     6 |     4 ||    11
  Evoke: Wand              |       |       |     4 ||     4
    Use: Scroll            |     4 |     2 |       ||     6
         Potion            |       |     3 |     5 ||     8
   Stab: Sleeping          |     8 |     8 |     3 ||    19
 Armour: Skin              |     2 |    31 |    24 ||    57
  Dodge: Dodged            |    27 |    50 |    70 ||   147

Levels and vault maps discovered:
D:1:      wander_arrival_desolate, layout_basic
D:2:      minmay_chambers_of_ones, layout_loops_cross, serial_shops, shop,
          minmay_increasing_density
D:3:      layout_loops_ring, nicolae_tso_swordbearing_angel,
          lemuel_coloured_pillars_altar, uniq_ijyb
D:4:      layout_cave_pods, enter_ossuary_1, hangedman_abyss_or_decor_stagger,
          minmay_misc_feat_enclosed, minmay_a_box_with_orc_wizards_in_it,
          uniq_blork_the_orc, uniq_grinder, uniq_robin

Notes
Turn   | Place    | Note
-------+----------+-------------------------------------------
     0 | D:1      | ytrimaz the Octopode Shapeshifter began the quest for the
                  | Orb.
     0 | D:1      | Reached XP level 1. HP: 13/13 MP: 1/1
     0 | D:1      | magus.rc [v1.9.6]
   128 | D:1      | Reached XP level 2. HP: 12/18 MP: 2/2
   311 | D:1      | You fall into a shaft and drop 1 floor!
   331 | D:2      | You pick up a book of Flames and begin reading...
   331 | D:2      | You add the spells Inner Flame, Sticky Flame and Flame Wave
                  | to your library.
   495 | D:2      | Reached XP level 3. HP: 18/23 MP: 3/3
   557 | D:2      | Reached skill level 4 in Shapeshifting
   781 | D:2      | Found Guzeic's Assorted Antiques.
  1029 | D:2      | Reached XP level 4. HP: 28/28 MP: 4/4
  1485 | D:3      | You pick up a book of Touch and begin reading...
  1485 | D:3      | You add the spells Kiss of Death, Confusing Touch and
                  | Dispel Undead to your library.
  1498 | D:3      | You pick up a book of Party Tricks and begin reading...
  1498 | D:3      | You add the spells Apportation and Alistair's Intoxication
                  | to your library.
  1569 | D:3      | Noticed a scorpion
  1573 | D:3      | Killed a scorpion
  1574 | D:3      | Reached skill level 5 in Shapeshifting
  1574 | D:3      | Reached XP level 5. HP: 33/33 MP: 5/5
  1678 | D:3      | Noticed Ijyb
  1685 | D:3      | Killed Ijyb
  1742 | D:3      | You pick up a book of Weapons and begin reading...
  1742 | D:3      | You add the spells Tukima's Dance, Portal Projectile and
                  | Iskenderun's Mystic Blast to your library.
  1955 | D:3      | HP: 5/33 [orc/+0 war axe (11)]
  2087 | D:3      | Found a shimmering altar of Xom.
  2317 | D:3      | Found a glowing golden altar of the Shining One.
  2367 | D:4      | Reached XP level 6. HP: 35/38 MP: 6/6
  2622 | D:4      | Reached skill level 4 in Unarmed Combat
  2631 | D:4      | HP: 9/38 [orc wizard/+0 dagger (4)]
  2636 | D:4      | HP: 5/38 [something (1)]
  2767 | D:4      | Noticed an ice beast
  2820 | D:4      | Found a sand-covered staircase.
  2829 | Ossuary  | Entered an ossuary
  2847 | Ossuary  | Reached skill level 6 in Shapeshifting
  2847 | Ossuary  | Reached XP level 7. HP: 36/43 MP: 7/7
  2994 | Ossuary  | Reached skill level 5 in Unarmed Combat
  2995 | Ossuary  | HP: 7/43 [human zombie (7)]
  3192 | Ossuary  | Reached skill level 3 in Dodging
  3289 | Ossuary  | Reached XP level 8. HP: 26/48 MP: 8/8
  3477 | Ossuary  | Reached skill level 7 in Shapeshifting
  3495 | Ossuary  | Reached skill level 4 in Dodging
  3636 | Ossuary  | Identified the ring of Denegusch {rF+ rN+ rCorr Stlth-}
  3638 | Ossuary  | Identified the ring "Velixk Boqo" {+Blink Will+++ rCorr
                  | MP+9 Dex-3}
  3642 | Ossuary  | magus.rc [v1.9.6]
  3889 | D:4      | You pick up a book of Burglary and begin reading...
  3889 | D:4      | You add the spells Passwall, Ensorcelled Hibernation and
                  | Swiftness to your library.
  3906 | D:4      | Noticed Grinder
  3916 | D:4      | Killed Grinder
  3917 | D:4      | Reached skill level 5 in Dodging
  3975 | D:4      | Noticed Robin
  3983 | D:4      | Noticed Blork the orc
  4009 | D:3      | HP: 9/48 [goblin/+0 club[Robin] (5)]
  4012 | D:3      | HP: 1/48 [goblin/+0 dagger[Robin] (4)]
  4252 | D:4      | Killed Robin
  4256 | D:4      | HP: 12/48 [Blork the orc/+0 glaive (12)]
  4259 | D:4      | Slain by Blork the orc

Vanquished Creatures
  Grinder (D:4)
  An ice beast (D:4)
  10 scorpions
  A centaur zombie (Ossuary)
  2 human zombies (Ossuary)
  An iguana (D:4)
  6 scorpion zombies (Ossuary)
  Ijyb (D:3)
  6 orc wizards
  3 mummies (Ossuary)
  Robin (D:4)
  4 gnolls (D:4)
  5 adders
  A worm (D:3)
  2 dart slugs
  12 orcs
  5 endoplasms
  2 giant cockroaches
  14 goblins
  5 hobgoblins
  7 kobolds
  A quokka (D:2)
  9 ball pythons
  3 bats (D:2)
  5 frilled lizards
  2 gnoll zombies (Ossuary)
  A goblin zombie (Ossuary)
  2 hobgoblin zombies (Ossuary)
  4 kobold zombies (Ossuary)
  4 orc zombies (Ossuary)
  5 rats
126 creatures vanquished.

Table legend:
 A = Non-vault XP
 B = Vault XP
 C = Vault XP percentage of total XP
 D = Non-vault monster count
 E = Vault monster count
 F = Vault count percentage of total count
                 A         B        C        D         E       F
            +---------+---------+-------+---------+---------+-------
      Total |     529 |    1670 |  75.9 |      63 |      63 |  50.0
            +---------+---------+-------+---------+---------+-------
        D:1 |      17 |       0 |   0.0 |       9 |       0 |   0.0
        D:2 |      43 |      27 |  38.6 |      11 |      11 |  50.0
        D:3 |     181 |      43 |  19.2 |      26 |       6 |  18.8
        D:4 |     288 |     433 |  60.1 |      17 |      12 |  41.4
    Ossuary |       0 |    1167 | 100.0 |       0 |      34 | 100.0
            +---------+---------+-------+---------+---------+-------

Skill      XL: |  1  2  3  4  5  6  7  8 |
---------------+-------------------------+-----
Shapeshifting  | 4 5 6 7 |  7.7
Unarmed Combat | 4 5 |  5.1
Dodging        | 3 5 |  5.4
Fighting       | |  1.0

Action                     |  1- 3 |  4- 6 |  7- 9 || total
---------------------------+-------+-------+-------++-------
  Melee: Unarmed           |    43 |   105 |   125 ||   273
         Constrict         |    14 |    26 |    34 ||    74
         Tentacles         |    10 |    24 |    24 ||    58
         Punch             |     1 |     6 |     4 ||    11
  Evoke: Wand              |       |       |     4 ||     4
    Use: Scroll            |     4 |     2 |       ||     6
         Potion            |       |     3 |     5 ||     8
   Stab: Sleeping          |     8 |     8 |     3 ||    19
 Armour: Skin              |     2 |    31 |    24 ||    57
  Dodge: Dodged            |    27 |    50 |    70 ||   147

Illustrated notes

Table legend:
 A = Kills in this place as a percentage of kills in the entire game.
 B = Kills by you in this place as a percentage of kills by you in the entire game.
 C = Kills by friends in this place as a percentage of kills by friends in the entire game.
 D = Other kills in this place as a percentage of other kills in the entire game.
 E = Experience gained in this place as a percentage of experience gained in the entire game.
 F = Experience gained in this place divided by the number of levels of this place that you have seen.
                   A       B       C       D       E      F
               +-------+-------+-------+-------+-------+----------------------
         Total | 100.0 | 100.0 |   N/A |   N/A | 100.0 | 439.8
       Dungeon |  73.0 |  73.0 |   N/A |   N/A |  46.9 | 258.0
       Ossuary |  27.0 |  27.0 |   N/A |   N/A |  53.1 | 1167.0
               +-------+-------+-------+-------+-------+----------------------

Table legend: (Time is in decaauts)
 A = Elapsed time spent in this place.
 B = Non-inter-level travel time spent in this place.
 C = Inter-level travel time spent in this place.
 D = Time resting spent in this place.
 E = Time spent auto-exploring this place.
 F = Levels seen in this place.
 G = Mean time per level.
                   A        B        C        D        E       F      G
               +--------+--------+--------+--------+--------+-----+--------+
         Total |   4220 |   4152 |     68 |    451 |   2824 |   5 |  844.0 |
       Dungeon |   3365 |   3297 |     68 |    285 |   2367 |   4 |  841.2 |
       Ossuary |    855 |    855 |      0 |    166 |    457 |   1 |  855.0 |
               +--------+--------+--------+--------+--------+-----+--------+

Top non-repeatable levels by time:
     D:3: 1309 daAuts
     D:2: 954 daAuts
 Ossuary: 855 daAuts
     D:4: 790 daAuts
     D:1: 310 daAuts
